Map: Abyssal Reef LE

Players

DeMusliM - Winner!

  • Race: Terran Terran
  • League: Grandmaster
  • Spawn Location: 11:00

NightEnD

  • Race: Protoss Protoss
  • League: Grandmaster
  • Spawn Location: 5:00

VOD

Have the link to the VOD?

Description

Time

  • Played on: Dec. 30, 2017, 6:49 p.m.
  • Length: 17:40
Show
View Real Time Build Order
Export as new Build Order

DeMusliM Terran - Winner!

Build Orders: Reaper Expand, MMM Bio 

Get SALT Encoding   

  12  0:00  SCV  
  13  0:13  SCV  
  14  0:18  Supply Depot  
  14  0:25  SCV  
  15  0:39  SCV  
  15  0:42  Barracks  
  16  0:46  Refinery  
  16  0:51  SCV  
  17  1:03  SCV  
  18  1:15  SCV  
  19  1:28  Orbital Command  
  19  1:30  Reaper  
  20  1:41  Command Center  
  20  1:55  SCV, Supply Depot  
  21  2:02  Marine  
  22  2:09  SCV  
  22  2:12  Factory  
  23  2:20  Refinery  
  23  2:21  SCV  
  24  2:25  Barracks Reactor  
  24  2:29  Bunker  
  24  2:33  SCV  
  25  2:45  SCV  
  26  2:57  Starport  
  28  3:00  SCV  
  28  3:01  Orbital Command  
  27  3:07  Widow Mine x2, Barracks Tech Lab  
  31  3:13  SCV  
  31  3:25  SCV  
  31  3:27  SCV  
  33  3:29  Widow Mine x2, Marine  
  38  3:35  Medivac  
  38  3:41  SCV x2, Supply Depot  
  42  3:53  SCV x2  
  44  3:58  Marine x2, Supply Depot  
  46  4:03  Siege Tank  
  46  4:05  SCV x2  
  51  4:17  SCV  
  51  4:18  SCV  
  51  4:20  Command Center  
  53  4:24  Marine x2  
  53  4:29  SCV  
  53  4:30  SCV  
  57  4:33  Engineering Bay, Supply Depot  
  57  4:36  Siege Tank  
  60  4:43  SCV x2  
  58  4:55  SCV x2  
  60  5:05  Barracks  
  56  5:07  SCV x2  
  56  5:08  Barracks  
  56  5:09  Refinery  
  56  5:10  Refinery  
  58  5:15  Starport Reactor  
  58  5:16  Stimpack  
  58  5:18  Factory Reactor, Barracks x2  
  58  5:20  Marine  
  59  5:21  SCV  
  59  5:23  SCV  
  59  5:26  Terran Infantry Weapons Level 1  
  61  5:35  SCV  
  62  5:36  Orbital Command, SCV  
  62  5:40  Marauder  
  65  5:49  SCV x2  
  67  5:52  Barracks Reactor  
  67  5:54  Medivac x2  
  67  5:56  Widow Mine x2  
  75  5:57  Barracks Tech Lab  
  75  6:01  SCV x2  
  75  6:03  Supply Depot  
  79  6:04  Marauder, Supply Depot  
  79  6:07  Marine x2  
  79  6:08  Barracks Tech Lab  
  79  6:10  SCV  
  82  6:13  SCV  
  82  6:14  Supply Depot  
  82  6:17  Marauder, Combat Shields  
  85  6:19  Orbital Command  
  85  6:22  Supply Depot  
  85  6:23  Supply Depot  
  85  6:25  Widow Mine x2  
  89  6:31  Marine x3, Marauder x2  
  96  6:33  Medivac  
  96  6:37  SCV  
  99  6:40  SCV  
  99  6:44  SCV  
  101  6:48  Refinery  
  101  6:49  SCV, Medivac  
  101  6:52  SCV  
  105  6:56  SCV  
  105  6:58  Marine  
  105  6:59  Marine, Marauder  
  105  7:00  Marauder x2  
  114  7:02  SCV  
  114  7:04  Refinery  
  114  7:05  SCV  
  114  7:07  Ghost Academy  
  116  7:10  SCV  
  116  7:12  Marine  
  116  7:14  SCV  
  116  7:15  Medivac  
  119  7:17  SCV  
  119  7:20  Terran Infantry Armor Level 1, Marauder  
  119  7:22  SCV  
  123  7:23  Supply Depot x3  
  123  7:29  Marauder  
  125  7:37  Supply Depot  
  125  7:44  Marine x3, Medivac, SCV  
  125  7:45  Widow Mine x2, Marauder x2, Medivac  
  125  7:46  Starport  
  141  7:53  SCV x2  
  143  8:02  Command Center, SCV  
  143  8:05  SCV  
  145  8:06  SCV  
  145  8:07  Moebius Reactor  
  146  8:13  Barracks  
  146  8:14  Barracks  
  146  8:15  Barracks  
  146  8:17  Viking  
  148  8:23  Marine  
  148  8:24  Marauder  
  151  8:29  Marine  
  151  8:30  Marine, Marauder x2  
  151  8:33  Supply Depot  
  157  8:36  Viking  
  159  8:46  SCV x2  
  159  8:49  Marine x2  
  159  8:50  Marine, Marauder  
  159  8:54  SCV, Supply Depot x2  
  167  8:55  Marauder  
  167  8:58  SCV x2  
  168  9:05  Marine, Marauder  
  168  9:06  Barracks Reactor, Barracks Tech Lab x2  
  171  9:14  Ghost  
  171  9:16  Orbital Command, Ghost  
  175  9:19  Viking x2  
  179  9:27  Missile Turret, Viking x2  
  183  9:34  Refinery x2  
  183  9:40  Ghost x3  
  189  9:45  Ghost, Armory  
  189  9:52  Ghost  
  191  9:54  Viking  
  191  9:55  Viking  
  193  10:07  Viking x2  
  193  10:08  Ghost  
  193  10:09  Ghost  
  193  10:10  Marine  
  190  10:15  Marine x4  
  194  10:23  Ghost x2  
  194  10:24  Viking  
  191  10:33  Terran Ship Weapons Level 1  
  191  10:34  Engineering Bay  
  191  10:37  Command Center  
  191  10:42  Ghost, Viking  
  193  10:46  Ghost, Viking  
  193  10:49  Marauder  
  200  10:59  Marine  
  200  11:00  Marauder  
  200  11:09  Terran Infantry Weapons Level 2  
  200  11:11  Terran Infantry Armor Level 2  
  200  11:17  Marine  
  200  11:25  Marauder  
  198  11:52  Ghost x3  
  198  11:53  Ghost  
  183  12:02  Ghost  
  183  12:03  Viking x2  
  183  12:04  Medivac  
  183  12:07  Marine x4  
  186  12:10  Medivac  
  186  12:11  Marine  
  185  12:21  Ghost x2  
  185  12:22  Marauder x2  
  184  12:23  Marine  
  184  12:24  Marine  
  151  12:31  Marauder  
  151  12:33  Medivac x2  
  151  12:35  Medivac  
  151  12:36  Marine x3  
  151  12:37  Marine  
  147  12:38  SCV x2  
  147  12:39  Planetary Fortress  
  147  12:40  Medivac  
  147  12:41  Marine, Refinery  
  147  12:42  Marine, Refinery  
  147  12:43  Marauder x2  
  156  12:46  Bunker  
  156  12:50  Marauder x2  
  156  12:53  Marauder  
  156  12:54  Marine x4  
  162  13:02  Marine x2  
  162  13:03  Medivac  
  162  13:05  Marauder x2  
  170  13:11  Marauder  
  170  13:12  Marine, Marauder  
  175  13:13  Ghost  
  175  13:14  Marine x3  
  175  13:16  Command Center  
  175  13:17  Medivac  
  174  13:25  Ghost x2  
  151  13:28  Marine x2  
  151  13:29  Marine  
  151  13:30  Medivac x2  
  151  13:31  Marine  
  151  13:32  Marine x2  
  151  13:33  Marauder x2, Viking  
  148  13:43  Marauder  
  148  13:44  Terran Infantry Weapons Level 3  
  148  13:46  Marine x2  
  150  13:53  Marine x4, Terran Infantry Armor Level 3, Command Center  
  150  13:54  Marauder x2, Viking  
  150  13:55  Marauder x2  
  164  14:03  Marine  
  164  14:04  Marine x2  
  167  14:11  Marine x4, Viking  
  167  14:13  Viking  
  167  14:15  Marine, Ghost x3  
  182  14:17  Viking  
  184  14:26  Viking  
  186  14:34  Ghost  
  186  14:35  Marine x3, Ghost  
  193  14:40  Viking  
  193  14:43  Ghost x2  
  199  14:46  Terran Ship Weapons Level 2  
  199  14:57  Viking x2  
  199  15:13  Planetary Fortress  
  199  15:14  Ghost x2  
  195  15:17  Refinery  
  195  15:18  Refinery  
  195  15:19  Concussive Shells  
  199  15:27  Missile Turret x2  
  181  15:55  Marine x5, Marauder x3  
  181  15:56  Marauder x2, Viking x2  
  160  16:08  Marine  
  160  16:11  Planetary Fortress  
  153  16:16  Ghost x3, Marauder  
  153  16:17  Marauder  
  153  16:18  Marine x4  
  163  16:21  Viking x2  
  163  16:24  Marine  
  172  16:30  Hi-Sec Auto Tracking, Missile Turret  
  172  16:37  Ghost, Viking x2  
  172  16:38  Ghost  
  180  16:44  Ghost x2  
  180  16:45  Ghost  
  180  16:46  Marine x3  
  189  16:53  Viking  
  191  16:54  Marine  
  191  16:57  Marine  
  191  16:58  Marine  
  194  17:06  Marauder  
  196  17:11  Marine  
Show
View Real Time Build Order
Export as new Build Order

NightEnD Protoss 

Build Orders: 1 Gate Expand 

Get SALT Encoding   

  12  0:00  Probe  
  13  0:12  Probe  
  14  0:17  Pylon  
  14  0:25  Probe  
  15  0:37  Gateway  
  15  0:39  Probe (Chrono Boost)  
  17  0:50  Probe (Chrono Boost), Assimilator  
  17  0:55  Probe (Chrono Boost)  
  18  1:05  Probe  
  19  1:17  Probe  
  20  1:28  Nexus  
  20  1:37  Cybernetics Core  
  21  1:40  Probe (Chrono Boost)  
  21  1:46  Assimilator  
  21  1:51  Probe (Chrono Boost)  
  22  1:55  Pylon  
  22  1:56  Probe (Chrono Boost)  
  23  2:11  Stalker (Chrono Boost)  
  23  2:12  Warp Gate (Chrono Boost)  
  23  2:13  Probe  
  26  2:25  Probe  
  27  2:31  Robotics Facility  
  27  2:35  Stalker (Chrono Boost)  
  27  2:40  Probe  
  27  2:43  Probe  
  31  2:53  Probe  
  31  2:58  Gateway  
  32  2:59  Probe  
  32  3:05  Probe  
  34  3:12  Pylon  
  34  3:14  Stalker  
  34  3:18  Observer  
  37  3:24  Probe x2  
  39  3:30  Shield Battery  
  39  3:36  Probe  
  39  3:37  Twilight Council  
  39  3:38  Probe  
  41  3:43  Observer  
  41  3:48  Probe  
  43  3:50  Probe  
  43  3:55  Pylon  
  44  4:00  Probe  
  44  4:02  Stalker x2  
  49  4:05  Probe  
  49  4:06  Observer  
  49  4:07  Assimilator  
  51  4:13  Probe  
  51  4:14  Assimilator  
  52  4:20  Probe  
  53  4:25  Stalker  
  53  4:26  Stalker  
  53  4:27  Probe  
  58  4:32  Pylon  
  58  4:33  Probe  
  57  4:54  Probe  
  57  4:58  Probe, Charge (Chrono Boost)  
  57  5:06  Probe, Robotics Bay  
  58  5:10  Probe  
  59  5:18  Probe  
  60  5:22  Probe  
  60  5:24  Nexus  
  61  5:29  Forge  
  61  5:30  Probe  
  61  5:34  Probe, Forge  
  63  5:42  Probe  
  64  5:46  Probe  
  65  5:51  Pylon  
  65  5:54  Probe  
  65  5:55  Pylon  
  66  5:59  Probe  
  66  6:02  Pylon  
  67  6:05  Colossus (Chrono Boost)  
  67  6:06  Probe  
  67  6:09  Protoss Ground Armor Level 1, Pylon, Protoss Ground Weapons Level 1  
  74  6:11  Extended Thermal Lance  
  74  6:14  Probe  
  74  6:17  Observer  
  75  6:19  Probe  
  76  6:25  Sentry x2  
  76  6:26  Probe  
  76  6:30  Blink (Chrono Boost)  
  76  6:31  Probe, Observer  
  82  6:34  Gateway  
  82  6:35  Gateway  
  82  6:36  Probe  
  83  6:44  Probe x2  
  83  6:45  Colossus (Chrono Boost)  
  91  6:56  Stalker  
  91  7:00  Probe x2  
  94  7:06  Gateway  
  94  7:08  Gateway  
  94  7:09  Probe  
  94  7:10  Gateway  
  94  7:12  Probe x2  
  94  7:15  Assimilator  
  97  7:18  Assimilator  
  97  7:22  Colossus  
  103  7:33  Stalker x2  
  107  7:39  Templar Archives  
  107  7:53  Protoss Ground Weapons Level 2 (Chrono Boost)  
  107  7:54  Protoss Ground Armor Level 2 (Chrono Boost)  
  107  7:59  Zealot  
  107  8:02  Pylon  
  109  8:05  Pylon  
  109  8:10  Pylon  
  109  8:16  Pylon  
  109  8:17  Psionic Storm  
  109  8:18  Pylon  
  109  8:19  Pylon  
  109  8:26  Zealot, High Templar  
  109  8:27  Zealot x3  
  115  8:31  High Templar  
  121  8:39  High Templar  
  121  8:49  High Templar  
  121  8:50  Zealot x3  
  129  8:57  Pylon  
  129  8:58  Pylon  
  127  9:03  Nexus  
  127  9:08  Stalker x2  
  131  9:12  Stalker  
  131  9:15  Stalker  
  135  9:19  Zealot x2  
  135  9:21  Observer (Chrono Boost)  
  140  9:25  Pylon  
  140  9:26  Pylon  
  140  9:30  Pylon  
  140  9:31  Stargate  
  140  9:34  Observer (Chrono Boost)  
  140  9:38  Assimilator  
  141  9:43  Assimilator  
  141  9:49  Zealot  
  141  9:50  Zealot x3  
  149  9:52  Pylon  
  149  9:53  Probe  
  149  9:54  Observer (Chrono Boost)  
  149  9:55  Pylon  
  151  10:04  Protoss Ground Weapons Level 3 (Chrono Boost)  
  151  10:07  Zealot  
  152  10:09  Zealot x2  
  152  10:11  Observer (Chrono Boost)  
  152  10:12  Protoss Ground Armor Level 3 (Chrono Boost)  
  153  10:18  Stalker x4  
  155  10:29  Nexus  
  155  10:32  High Templar x3  
  155  10:35  Photon Cannon  
  161  10:37  Photon Cannon  
  161  10:38  Photon Cannon  
  161  10:42  Stalker x3  
  167  11:04  High Templar x3  
  163  11:05  Zealot x4  
  175  11:16  Observer  
  175  11:30  Pylon  
  175  11:31  Pylon  
  175  11:34  Stalker x3  
  178  11:42  Stalker x3  
  143  12:03  Zealot  
  143  12:05  Zealot x4  
  143  12:06  Zealot x2  
  151  12:13  Warp Prism (Chrono Boost)  
  151  12:14  Assimilator  
  145  12:25  Zealot x4  
  145  12:26  Zealot  
  117  12:38  Protoss Shields Level 1 (Chrono Boost)  
  117  12:50  High Templar x2  
  117  12:51  High Templar x5  
  131  12:54  Probe x3  
  134  13:00  Archon x3  
  134  13:06  Probe  
  134  13:08  Gateway x2  
  134  13:10  Gateway  
  134  13:12  Gateway  
  133  13:20  Archon x2  
  133  13:26  Zealot x7  
  117  13:30  Observer  
  95  13:34  Colossus (Chrono Boost)  
  83  13:46  High Templar  
  83  13:47  High Templar x6  
  96  13:56  Probe x3  
  99  14:06  Observer  
  99  14:12  Colossus (Chrono Boost)  
  105  14:17  Sentry x2  
  105  14:18  Sentry  
  105  14:19  Stalker x2  
  105  14:20  Stalker  
  117  14:29  Protoss Shields Level 2  
  115  14:49  Stalker x3  
  115  14:51  Colossus (Chrono Boost)  
  127  15:19  High Templar x3  
  123  15:21  High Templar  
  123  15:22  High Templar  
  123  15:27  Stalker x3  
  123  15:28  Stalker x3  
  139  15:35  Observer (Chrono Boost)  
  136  15:54  Zealot  
  136  15:55  Zealot  
  136  15:56  Zealot x7  
  126  16:00  Archon x2  
  126  16:01  Archon  
  97  16:15  Observer  
  97  16:17  High Templar x2  
  97  16:18  High Templar x4, Observer  
  110  16:20  Zealot x5  
  121  16:25  Warp Prism (Chrono Boost)  
  120  16:49  High Templar  
  120  16:50  High Templar  
  120  16:51  Zealot x3, High Templar x2  
  120  16:52  Zealot x3  
  140  16:54  Archon  
  140  16:55  Archon  
  141  17:02  Observer (Chrono Boost)  
  137  17:17  Archon x2  
  129  17:25  Zealot x2  
  129  17:26  Zealot x8  
Tags
 
Add a new tag
Caveats
  • Supply blocks, unpowered buildings, or Contaminate may cause inaccurate times.
  • Supply counts are checked every 10 seconds.